 Dungeon Crawl Stone Soup version 0.22.0-27-ga576289 (webtiles) character file.

510 Lew the Skirmisher (level 7, -12/59 HPs)
             Began as a Gnoll Abyssal Knight on Aug 21, 2018.
             Was a Believer of Lugonu.
             Mangled by an orc warrior
             ... wielding a +0 battleaxe
              (23 damage)
             ... on level 4 of the Dungeon.
             The game lasted 00:11:36 (3628 turns).

Lew the Skirmisher (Gnoll Abyssal Knight)           Turns: 3628, Time: 00:11:37

Health: -12/59     AC: 11    Str: 17    XL:     7   Next: 19%
Magic:  10/10      EV: 13    Int: 14    God:    Lugonu [**....]
Gold:   529        SH:  4    Dex: 14    Spells: 10/10 levels left

rFire    . . .     SeeInvis .   a - +2 hand axe
rCold    . . .     Gourm    .   l - +0 buckler
rNeg     . . .     Faith    .   i - +3 leather armour
rPois    .         Spirit   .   (no helmet)
rElec    .         Reflect  .   (no cloak)
rCorr    .         Harm     .   q - +2 pair of gloves {archery}
MR       .....                  (no boots)
Stlth    ++........             (no amulet)
HPRegen  0.19/turn              (no ring)
MPRegen  0.12/turn              (no ring)

@: lethally poisoned (-12 -> -13)
A: distributed training, fangs 1, icy blue scales 1, evolution 1, strong nose
a: Depart the Abyss, Bend Space, Renounce Religion


You were on level 4 of the Dungeon.
You worshipped Lugonu.
Lugonu was pleased with you.
You were not hungry.

You visited 1 branch of the dungeon, and saw 4 of its levels.
You visited the Abyss 1 time.

You collected 529 gold pieces.

Inventory:

Hand Weapons
 a - a +2 hand axe (weapon)
 b - a +0 hand crossbow
Missiles
 d - 14 bolts
Armour
 h - a +0 plate armour
 i - a +3 leather armour (worn)
 k - a +0 chain mail
 l - a +0 buckler (worn)
 q - a +2 pair of gloves of archery (worn)
Jewellery
 e - an uncursed ring of fire {unknown}
Wands
 f - a wand of paralysis (18)
 s - a wand of polymorph (12)
Scrolls
 g - 2 scrolls of fog
 j - 6 scrolls of remove curse
 o - 2 scrolls of teleportation
 r - 2 scrolls of blinking
Potions
 m - a potion of magic
 n - 2 potions of flight
 p - 4 potions of lignification
Comestibles
 c - 8 rations
 t - 2 chunks of flesh


   Skills:
 + Level 6.9 Fighting
 + Level 2.2 Short Blades
 + Level 2.2 Long Blades
 + Level 5.1 Axes
 + Level 2.2 Maces & Flails
 + Level 2.2 Polearms
 + Level 2.2 Staves
 + Level 2.2 Slings
 + Level 2.2 Bows
 + Level 2.2 Crossbows
 + Level 2.2 Throwing
 + Level 5.1 Armour
 + Level 3.4 Dodging
 + Level 2.2 Stealth
 + Level 2.2 Shields
 + Level 2.2 Unarmed Combat
 + Level 2.2 Spellcasting
 + Level 1.8 Conjurations
 + Level 1.8 Hexes
 + Level 1.8 Charms
 + Level 1.8 Summonings
 + Level 1.8 Necromancy
 + Level 1.8 Translocations
 + Level 1.8 Transmutations
 + Level 1.8 Fire Magic
 + Level 1.8 Ice Magic
 + Level 1.8 Air Magic
 + Level 1.8 Earth Magic
 + Level 1.8 Poison Magic
 + Level 5.2 Invocations
 + Level 2.2 Evocations


You had 10 spell levels left.
You didn't know any spells.
Your spell library contained the following spells:

 Spells                   Type           Power        Failure   Level  Hunger
 Beastly Appendage        Tmut           #.....       16%         1    #......
 Sticks to Snakes         Tmut           #.......     24%         2    ###....
 Spider Form              Tmut/Pois      #.........   43%         3    ###....
 Ice Form                 Ice/Tmut       #.......     83%         4    #####..
 Blade Hands              Tmut           #.........   99%         5    ######.


Dungeon Overview and Level Annotations

Branches:
Dungeon (4/15)             Temple (0/1) D:4

Altars:
Elyvilon
Makhleb
Nemelex Xobeh
Vehumet
Wu Jian
Xom
Yredelemnul
The Shining One


Innate Abilities, Weirdness & Mutations

Your experience applies equally to all skills.
You have very sharp teeth.
Your uncanny sense of smell can sniff out nearby items.
You are partially covered in icy blue scales. (AC +2)
You evolve.


Message History

You hit the orc warrior but do no damage.
The orc warrior is lightly wounded.
You feel sick. The orc warrior closely misses you.
You hit the orc warrior but do no damage.
The orc warrior is lightly wounded.
You hit the orc warrior but do no damage.
You bite the orc warrior, but do no damage.
The orc warrior is lightly wounded.
The orc warrior hits you with a battleaxe!
* * * LOW HITPOINT WARNING * * *
You closely miss the orc warrior.
The orc warrior is lightly wounded.
The orc warrior closely misses you.
You hit the orc warrior but do no damage.
The orc warrior is lightly wounded.
You feel sick. The orc warrior barely misses you.
You barely miss the orc warrior.
The orc warrior is lightly wounded.
The orc warrior hits you with a battleaxe!!
You die...

###### ##.#####.##.######
#....# #.##.[.##[..#....#
#.##.#####.#.....#...#.##.###
#.##.......#(....#.#.#.##....
###.##...#'#.#.....#.#.#.##..##
#.......##.###)...##...........
#.#.#...#...'.###'#.##.#.##..#.
#.#.#.#.##.###'##..###.#.##..#.
#>.......#####@o##...........#.
#.#.#..<....#?.)%#.###.#.#.....
#.#.#######.#$.?.#.###.#.....#.
#.#.......).##).##..##.####.##.
#.#########[)####...##.(.......
#...................########...
############........# #...
##)......# #... #.......# #.(.


You could see an orc warrior.

Vanquished Creatures
  Grinder (D:3)
  2 hounds (D:4)
  3 orc wizards
  An iguana (D:3)
  A worker ant (D:3)
  A hound skeleton (D:4)
  5 adders
  2 worms
  A dart slug (D:1)
  3 leopard geckos
  12 orcs
  A ball python (D:3)
  A bat (D:2)
  7 giant cockroaches
  2 goblins (D:1)
  3 hobgoblins
  A quokka (D:4)
  3 frilled lizards
  8 kobolds
  2 rats (D:2)
60 creatures vanquished.

Notes
Turn   | Place    | Note
-------+----------+-------------------------------------------
     0 | Abyss:1  | Lew the Gnoll Abyssal Knight began the quest for the Orb.
     0 | Abyss:1  | Reached XP level 1. HP: 23/23 MP: 3/3
   104 | Abyss:2  | Found a corrupted altar of Lugonu.
   136 | Abyss:2  | Noticed a large abomination
   169 | Abyss:2  | Noticed a large abomination
   170 | Abyss:2  | Noticed a large abomination
   192 | Abyss:2  | Noticed an apocalypse crab
   197 | D:1      | Escaped the Abyss
   372 | D:1      | Identified a scroll of acquirement
   557 | D:1      | Reached XP level 2. HP: 29/29 MP: 5/5
   730 | D:1      | Reached * piety under Lugonu
  1168 | D:2      | Found a sparkling altar of Nemelex Xobeh.
  1451 | D:2      | Reached XP level 3. HP: 34/35 MP: 6/6
  1904 | D:2      | Found a glowing golden altar of the Shining One.
  1906 | D:2      | Noticed an angel
  1927 | D:2      | Found a basalt altar of Yredelemnul.
  1975 | D:3      | You fall through a shaft!
  2019 | D:3      | Noticed Grinder
  2254 | D:3      | You fall through a shaft!
  2254 | D:4      | Found an ornate altar of the Wu Jian Council.
  2254 | D:4      | Found a burning altar of Makhleb.
  2254 | D:4      | Found a radiant altar of Vehumet.
  2254 | D:4      | Found a shimmering altar of Xom.
  2268 | D:4      | Reached skill level 1 in Short Blades
  2268 | D:4      | Reached skill level 1 in Long Blades
  2268 | D:4      | Reached skill level 1 in Maces & Flails
  2268 | D:4      | Reached skill level 1 in Polearms
  2268 | D:4      | Reached skill level 1 in Staves
  2268 | D:4      | Reached skill level 1 in Slings
  2268 | D:4      | Reached skill level 1 in Bows
  2268 | D:4      | Reached skill level 1 in Crossbows
  2268 | D:4      | Reached skill level 1 in Throwing
  2268 | D:4      | Reached skill level 1 in Stealth
  2268 | D:4      | Reached skill level 1 in Shields
  2268 | D:4      | Reached skill level 1 in Unarmed Combat
  2268 | D:4      | Reached skill level 1 in Spellcasting
  2268 | D:4      | Reached skill level 1 in Evocations
  2268 | D:4      | Reached XP level 4. HP: 31/41 MP: 7/7
  2372 | D:4      | Reached skill level 1 in Conjurations
  2372 | D:4      | Reached skill level 1 in Hexes
  2372 | D:4      | Reached skill level 1 in Charms
  2372 | D:4      | Reached skill level 1 in Summonings
  2372 | D:4      | Reached skill level 1 in Necromancy
  2372 | D:4      | Reached skill level 1 in Translocations
  2372 | D:4      | Reached skill level 1 in Transmutations
  2372 | D:4      | Reached skill level 1 in Fire Magic
  2372 | D:4      | Reached skill level 1 in Ice Magic
  2372 | D:4      | Reached skill level 1 in Air Magic
  2372 | D:4      | Reached skill level 1 in Earth Magic
  2372 | D:4      | Reached skill level 1 in Poison Magic
  2476 | D:3      | Reached XP level 5. HP: 47/47 MP: 8/8
  2605 | D:3      | Killed Grinder
  2605 | D:3      | Reached skill level 5 in Axes
  2605 | D:3      | Reached skill level 5 in Armour
  2605 | D:3      | Reached skill level 5 in Invocations
  2605 | D:3      | Reached XP level 6. HP: 34/53 MP: 9/9
  2948 | D:3      | Gained mutation: You are partially covered in icy blue scales. (AC +2) [potion of mutation]
  2948 | D:3      | Gained mutation: You evolve. [potion of mutation]
  3388 | D:4      | Reached XP level 7. HP: 55/59 MP: 10/10
  3479 | D:4      | Found a staircase to the Ecumenical Temple.
  3485 | D:4      | Reached ** piety under Lugonu
  3559 | D:4      | Found a white marble altar of Elyvilon.
  3628 | D:4      | Mangled by an orc warrior

Skill      XL: |  1  2  3  4  5 |
---------------+----------------+-----
Short Blades   | 1 2 |  2.2
Long Blades    | 1 2 |  2.2
Maces & Flails | 1 2 |  2.2
Polearms       | 1 2 |  2.2
Staves         | 1 2 |  2.2
Slings         | 1 2 |  2.2
Bows           | 1 2 |  2.2
Crossbows      | 1 2 |  2.2
Throwing       | 1 2 |  2.2
Stealth        | 1 2 |  2.2
Shields        | 1 2 |  2.2
Unarmed Combat | 1 2 |  2.2
Spellcasting   | 1 2 |  2.2
Evocations     | 1 2 |  2.2
Conjurations   | 1 |  1.8
Hexes          | 1 |  1.8
Charms         | 1 |  1.8
Summonings     | 1 |  1.8
Necromancy     | 1 |  1.8
Translocations | 1 |  1.8
Transmutations | 1 |  1.8
Fire Magic     | 1 |  1.8
Ice Magic      | 1 |  1.8
Air Magic      | 1 |  1.8
Earth Magic    | 1 |  1.8
Poison Magic   | 1 |  1.8
Axes           | 5 |  5.1
Armour         | 5 |  5.1
Dodging        | 3 |  3.4
Invocations    | 5 |  5.2
Fighting       | |  6.9

Action                   |  1- 3 |  4- 6 |  7- 9 || total
-------------------------+-------+-------+-------++-------
Melee: Hand axe          |    78 |    75 |    36 ||   189
       Bite              |     5 |     6 |     2 ||    13
Invok: Depart the Abyss  |     1 |       |       ||     1
  Use: Potion            |     2 |     2 |       ||     4
       Scroll            |     9 |     4 |       ||    13
 Stab: Sleeping          |       |       |     1 ||     1
  Eat: Ration            |     1 |       |       ||     1
       Chunk             |       |     4 |     1 ||     5
Armor: Ring mail         |    22 |     7 |       ||    29
       Plate armour      |     1 |       |       ||     1
       Scale mail        |       |     7 |       ||     7
       Chain mail        |       |     7 |       ||     7
       Leather armour    |       |     3 |    12 ||    15
Dodge: Dodged            |    46 |    35 |    25 ||   106
Block: Buckler           |     5 |    10 |     7 ||    22
